TOP OF THE 1ST |
San Francisco Giants batting - Pitching for Miami Marlins : RHP Adam Bonawitz
|
Pitching: RHP Adam Bonawitz
|
|
Batting: RHB Nick Rigden
|
0-0: Called Strike 0-1: Fly out, F9 (Flyball, 9S, EV 82.5 MPH)
|
Batting: SHB Ryan Doss
|
0-0: Ball 1-0: Called Strike 1-1: Ball 2-1: SINGLE (Line Drive, 78S, EV 106.2 MPH)
|
Batting: LHB Willis Robles
|
0-0: Called Strike Ryan Doss steals 2nd base 0-1: Ground out 6-3 (Groundball, 6, EV 97.5 MPH)
|
Batting: RHB Sean Zielinski
|
0-0: Ball 1-0: Swinging Strike 1-1: Ground out 5-3 (Groundball, 56, EV 111.9 MPH)
|
Top of the 1st over - 0 runs, 1 hit, 0 errors, 1 left on base; San Francisco 0 - Miami 0 |
BOTTOM OF THE 1ST |
Miami Marlins batting - Pitching for San Francisco Giants : RHP Keith Kidd
|
Pitching: RHP Keith Kidd
|
|
Batting: RHB Roger Salazar
|
0-0: Ball 1-0: Called Strike 1-1: Called Strike 1-2: Strikes out looking
|
Batting: RHB Mark Barger
|
0-0: Foul Ball, location: 2F 0-1: Called Strike 0-2: Ball 1-2: Ball 2-2: Ball 3-2: SOLO HOME RUN (Line Drive, 78XD, EV 106.2 MPH), Distance : 432 ft
|
Batting: LHB Andre Gorter
|
0-0: Ball 1-0: Ball 2-0: Foul Ball, location: 2F 2-1: Foul Ball, location: 2F 2-2: Ball 3-2: Reached on error, E3 (Groundball, 3, EV 85.0 MPH)
|
Batting: LHB Kyle Beaulieu
|
0-0: Called Strike 0-1: Called Strike 0-2: SINGLE (Groundball, 4MD, EV 101.2 MPH) Andre Gorter to second Runner from 2nd tries for 3rd, SAFE, throw by CF made at trailing runner, OUT! 8-6
|
Batting: RHB Steve Barnard
|
0-0: 2-RUN HOME RUN (Flyball, 7LD, EV 97.5 MPH), Distance : 360 ft
|
Batting: LHB Eric Bailey
|
0-0: Foul Ball, location: 2F 0-1: Ball 1-1: Ball 2-1: Foul Ball, location: 2F 2-2: SINGLE (Line Drive, 78S, EV 106.9 MPH)
|
Batting: RHB Greg Herzig
|
0-0: Ball 1-0: SINGLE (Flyball, 89S, EV 95.6 MPH) Eric Bailey to second Runner from 2nd tries for 3rd, SAFE, throw by RF made to third
|
Batting: RHB Justin Huff
|
0-0: Fielders Choice at 2nd, 5-4 (Groundball, 56, EV 103.1 MPH)
|
Bottom of the 1st over - 3 runs, 5 hits, 1 error, 2 left on base; San Francisco 0 - Miami 3 |
TOP OF THE 2ND |
San Francisco Giants batting - Pitching for Miami Marlins : RHP Adam Bonawitz
|
Batting: LHB John Blair
|
0-0: Called Strike 0-1: Ball 1-1: Swinging Strike 1-2: Ball 2-2: Strikes out swinging
|
Batting: RHB Nate Hodson
|
0-0: Fly out, F8 (Flyball, 89XD, EV 98.8 MPH)
|
Batting: RHB Henri Cederberg
|
0-0: Foul Ball, location: 2F 0-1: Ball 1-1: Ground out 6-3 (Groundball, 6, EV 96.9 MPH)
|
Top of the 2nd over - 0 runs, 0 hits, 0 errors, 0 left on base; San Francisco 0 - Miami 3 |
BOTTOM OF THE 2ND |
Miami Marlins batting - Pitching for San Francisco Giants : RHP Keith Kidd
|
Batting: SHB Dan Zink
|
0-0: Ball 1-0: Foul Ball, location: 2F 1-1: Ball 2-1: Called Strike 2-2: Foul Ball, location: 2F 2-2: Ball 3-2: Ground out 4-3 (Groundball, 4, EV 85.6 MPH)
|
Batting: RHB Roger Salazar
|
0-0: Called Strike 0-1: Fly out, F9 (Flyball, 9, EV 86.9 MPH)
|
Batting: RHB Mark Barger
|
0-0: Foul Ball, location: 2F 0-1: Ball 1-1: Fly out, F8 (Flyball, 8LD, EV 93.1 MPH)
|
Bottom of the 2nd over - 0 runs, 0 hits, 0 errors, 0 left on base; San Francisco 0 - Miami 3 |
TOP OF THE 3RD |
San Francisco Giants batting - Pitching for Miami Marlins : RHP Adam Bonawitz
|
Pitching: RHP Alberto Negrete
|
|
Batting: SHB Bill Dooms
|
0-0: Ball 1-0: Called Strike 1-1: Ball 2-1: Foul Ball, location: 2F 2-2: SINGLE (Groundball, 4D, EV 106.9 MPH)
|
Pitching: RHP Travis Small
|
|
Batting: LHB Willie Ceniceros
|
0-0: SINGLE (Groundball, 56D, EV 98.8 MPH) Bill Dooms to second
|
Batting: RHB Nick Rigden
|
0-0: Called Strike 0-1: Swinging Strike 0-2: Strikes out swinging
|
Batting: SHB Ryan Doss
|
0-0: Ball 1-0: Called Strike 1-1: Called Strike 1-2: Ball 2-2: Strikes out swinging
|
Batting: LHB Willis Robles
|
0-0: Called Strike 0-1: Ball 1-1: Foul Ball, location: 2F 1-2: Ground out 4-3 (Groundball, 4, EV 83.1 MPH)
|
Top of the 3rd over - 0 runs, 2 hits, 0 errors, 2 left on base; San Francisco 0 - Miami 3 |
BOTTOM OF THE 3RD |
Miami Marlins batting - Pitching for San Francisco Giants : RHP Keith Kidd
|
Batting: LHB Andre Gorter
|
0-0: Fly out, F6 (Popup, 15S, EV 80.6 MPH)
|
Batting: LHB Kyle Beaulieu
|
0-0: Called Strike 0-1: Ball 1-1: Called Strike 1-2: Strikes out swinging
|
Batting: RHB Steve Barnard
|
0-0: Foul Ball, location: 2F 0-1: Foul Ball, location: 2F 0-2: Strikes out looking
|
Bottom of the 3rd over - 0 runs, 0 hits, 0 errors, 0 left on base; San Francisco 0 - Miami 3 |
TOP OF THE 4TH |
San Francisco Giants batting - Pitching for Miami Marlins : RHP Travis Small
|
Batting: RHB Sean Zielinski
|
0-0: Ground out 6-3 (Groundball, 6, EV 91.9 MPH)
|
Batting: LHB John Blair
|
0-0: Ball 1-0: Ball 2-0: Fly out, F9 (Flyball, 89S, EV 94.4 MPH)
|
Batting: RHB Nate Hodson
|
0-0: Ball 1-0: Called Strike 1-1: SINGLE (Flyball, 7LS, EV 81.9 MPH)
|
Batting: RHB Henri Cederberg
|
0-0: Called Strike 0-1: Hit by Pitch Nate Hodson to second
|
Batting: SHB Bill Dooms
|
0-0: Called Strike 0-1: Ball 1-1: Foul Ball, location: 2F 1-2: Ball 2-2: Strikes out looking
|
Top of the 4th over - 0 runs, 1 hit, 0 errors, 2 left on base; San Francisco 0 - Miami 3 |
BOTTOM OF THE 4TH |
Miami Marlins batting - Pitching for San Francisco Giants : RHP Keith Kidd
|
Batting: LHB Eric Bailey
|
0-0: Ball 1-0: Swinging Strike 1-1: Swinging Strike 1-2: Strikes out swinging
|
Batting: RHB Greg Herzig
|
0-0: Ball 1-0: Foul Ball, location: 2F 1-1: Foul Ball, location: 2F 1-2: Ball 2-2: Reached on error, E4 (Popup, 34S, EV 71.2 MPH)
|
Batting: RHB Justin Huff
|
0-0: Ball 1-0: SINGLE (Line Drive, 56D, EV 96.9 MPH) Greg Herzig to second
|
Batting: SHB Dan Zink
|
0-0: Ball 1-0: Called Strike 1-1: Called Strike 1-2: Strikes out swinging
|
Batting: RHB Roger Salazar
|
0-0: Ball 1-0: Called Strike 1-1: Ball 2-1: Ball 3-1: Base on Balls Greg Herzig to third Justin Huff to second
|
Batting: RHB Mark Barger
|
0-0: Ball 1-0: Called Strike 1-1: Foul Ball, location: 2F 1-2: Foul Ball, location: 2F 1-2: Ball 2-2: Ball 3-2: Base on Balls Greg Herzig scores Justin Huff to third Roger Salazar to second
|
Batting: LHB Andre Gorter
|
0-0: Fielders Choice at 2nd, 5-4 (Groundball, 5D, EV 83.1 MPH)
|
Bottom of the 4th over - 1 run, 1 hit, 1 error, 3 left on base; San Francisco 0 - Miami 4 |
TOP OF THE 5TH |
San Francisco Giants batting - Pitching for Miami Marlins : RHP Travis Small
|
Batting: LHB Willie Ceniceros
|
0-0: Fly out, F7 (Flyball, 7, EV 91.2 MPH)
|
Batting: RHB Nick Rigden
|
0-0: Called Strike 0-1: Ball 1-1: Foul Ball, location: 2F 1-2: Ball 2-2: Foul Ball, location: 2F 2-2: Fly out, F4 (Popup, 34S, EV 65.0 MPH)
|
Batting: SHB Ryan Doss
|
0-0: Foul Ball, location: 2F 0-1: Foul Ball, location: 2F 0-2: Ball 1-2: Ground out U3 (Groundball, 34, EV 91.2 MPH)
|
Top of the 5th over - 0 runs, 0 hits, 0 errors, 0 left on base; San Francisco 0 - Miami 4 |
BOTTOM OF THE 5TH |
Miami Marlins batting - Pitching for San Francisco Giants : RHP Keith Kidd
|
Batting: LHB Kyle Beaulieu
|
0-0: Called Strike 0-1: Foul Ball, location: 2F 0-2: Strikes out swinging
|
Batting: RHB Steve Barnard
|
0-0: Ground out 6-3 (Groundball, 4MD, EV 96.2 MPH)
|
Batting: LHB Eric Bailey
|
0-0: Ball 1-0: Ball 2-0: Ground out 4-3 (Groundball, 4, EV 87.5 MPH)
|
Bottom of the 5th over - 0 runs, 0 hits, 0 errors, 0 left on base; San Francisco 0 - Miami 4 |
TOP OF THE 6TH |
San Francisco Giants batting - Pitching for Miami Marlins : RHP Travis Small
|
Pitching: LHP Jerry Woods
|
|
Batting: LHB Willis Robles
|
0-0: Ball 1-0: Ball 2-0: Swinging Strike 2-1: SINGLE (Groundball, 56S, EV 65.6 MPH) (infield hit)
|
Batting: RHB Sean Zielinski
|
0-0: Swinging Strike 0-1: DOUBLE (Flyball, 78XD, EV 103.8 MPH) Willis Robles to third
|
Pinch Hitting: SHB Merrick Geter
|
0-0: 3-RUN HOME RUN (Line Drive, 78XD, EV 115.0 MPH), Distance : 433 ft
|
Pitching: RHP Ian Newman
|
|
Batting: RHB Nate Hodson
|
0-0: Called Strike 0-1: Ball 1-1: Ball 2-1: Foul Ball, location: 2F 2-2: Fly out, F3 (Popup, 3SF, EV 82.5 MPH)
|
Batting: RHB Henri Cederberg
|
0-0: Ball 1-0: Ground out 6-3 (Groundball, 6S, EV 70.6 MPH)
|
Batting: SHB Bill Dooms
|
0-0: Ball 1-0: Fly out, F8 (Line Drive, 8LM, EV 95.0 MPH)
|
Top of the 6th over - 3 runs, 3 hits, 0 errors, 0 left on base; San Francisco 3 - Miami 4 |
BOTTOM OF THE 6TH |
Miami Marlins batting - Pitching for San Francisco Giants : RHP Keith Kidd
|
Now in RF: Ryan Braden
|
|
Batting: RHB Greg Herzig
|
0-0: Called Strike 0-1: Foul Ball, location: 2F 0-2: Foul Ball, location: 2F 0-2: Foul Ball, location: 2F 0-2: Ball 1-2: Strikes out swinging
|
Batting: RHB Justin Huff
|
0-0: Ball 1-0: Ball 2-0: Foul Ball, location: 2F 2-1: Foul Ball, location: 2F 2-2: Foul Ball, location: 2F 2-2: Foul Ball, location: 2F 2-2: Ground out 6-3 (Groundball, 6, EV 105.0 MPH)
|
Batting: SHB Dan Zink
|
0-0: Ball 1-0: Called Strike 1-1: Swinging Strike 1-2: Strikes out swinging
|
Bottom of the 6th over - 0 runs, 0 hits, 0 errors, 0 left on base; San Francisco 3 - Miami 4 |
TOP OF THE 7TH |
San Francisco Giants batting - Pitching for Miami Marlins : RHP Ian Newman
|
Pitching: RHP Ray Duncan
|
|
Batting: LHB Willie Ceniceros
|
0-0: Foul Ball, location: 2F 0-1: Swinging Strike 0-2: Foul Ball, location: 2F 0-2: Ball 1-2: Foul Ball, location: 2F 1-2: Foul Ball, location: 2F 1-2: Strikes out looking
|
Batting: RHB Nick Rigden
|
0-0: Called Strike 0-1: SOLO HOME RUN (Line Drive, 7D, EV 99.4 MPH), Distance : 383 ft
|
Batting: SHB Ryan Doss
|
0-0: Ground out 6-3 (Groundball, 56, EV 105.6 MPH)
|
Batting: LHB Willis Robles
|
0-0: Called Strike 0-1: Ball 1-1: Ball 2-1: Swinging Strike 2-2: Foul Ball, location: 2F 2-2: Ball 3-2: Strikes out swinging
|
Top of the 7th over - 1 run, 1 hit, 0 errors, 0 left on base; San Francisco 4 - Miami 4 |
BOTTOM OF THE 7TH |
Miami Marlins batting - Pitching for San Francisco Giants : RHP Keith Kidd
|
Batting: RHB Roger Salazar
|
0-0: Called Strike 0-1: Called Strike 0-2: Ground out 4-3 (Groundball, 4M, EV 107.5 MPH)
|
Batting: RHB Mark Barger
|
0-0: Ball 1-0: Foul Ball, location: 2F 1-1: Fly out, F8 (Flyball, 89D, EV 103.8 MPH)
|
Batting: LHB Andre Gorter
|
0-0: Ball 1-0: Ball 2-0: SINGLE (Line Drive, 34D, EV 109.4 MPH)
|
Pitching: LHP Chris Moris
|
|
Batting: LHB Kyle Beaulieu
|
0-0: Called Strike 0-1: Ball 1-1: Called Strike 1-2: Strikes out swinging
|
Bottom of the 7th over - 0 runs, 1 hit, 0 errors, 1 left on base; San Francisco 4 - Miami 4 |
TOP OF THE 8TH |
San Francisco Giants batting - Pitching for Miami Marlins : RHP Ray Duncan
|
Pinch Hitting: LHB Jack Henningar
|
0-0: Ball 1-0: Called Strike 1-1: Swinging Strike 1-2: Ball 2-2: Strikes out swinging
|
Batting: LHB Ryan Braden
|
0-0: Called Strike 0-1: Swinging Strike 0-2: Ball 1-2: Strikes out looking
|
Batting: RHB Nate Hodson
|
0-0: Foul Ball, location: 2F 0-1: Ball 1-1: Ball 2-1: Swinging Strike 2-2: Foul Ball, location: 2F 2-2: Hit by Pitch
|
Batting: RHB Henri Cederberg
|
0-0: Foul Ball, location: 2F 0-1: Ball 1-1: Ball 2-1: Fielders Choice at 2nd, 6-4 (Groundball, 56, EV 106.2 MPH)
|
Top of the 8th over - 0 runs, 0 hits, 0 errors, 1 left on base; San Francisco 4 - Miami 4 |
BOTTOM OF THE 8TH |
Miami Marlins batting - Pitching for San Francisco Giants : LHP Chris Moris
|
Now at 1B: Jack Henningar
|
|
Now at 3B: Henri Cederberg
|
|
Batting: RHB Steve Barnard
|
0-0: Foul Ball, location: 2F 0-1: Ground out 6-3 (Groundball, 6, EV 105.6 MPH)
|
Pinch Hitting: RHB Seth Tramontano
|
0-0: Ball 1-0: Foul Ball, location: 2F 1-1: Ball 2-1: Ball 3-1: Base on Balls
|
Batting: RHB Greg Herzig
|
0-0: Foul Ball, location: 2F 0-1: Ball 1-1: Ball 2-1: Grounds into double play, 6-4-3 (Groundball, 6M, EV 90.0 MPH)
|
Bottom of the 8th over - 0 runs, 0 hits, 0 errors, 0 left on base; San Francisco 4 - Miami 4 |
TOP OF THE 9TH |
San Francisco Giants batting - Pitching for Miami Marlins : RHP Ray Duncan
|
Pitching: LHP Kyae-sung Che
|
|
Now in LF: Seth Tramontano
|
|
Batting: SHB Bill Dooms
|
0-0: Called Strike 0-1: Swinging Strike 0-2: Foul Ball, location: 2F 0-2: Ball 1-2: Foul Ball, location: 2F 1-2: Strikes out swinging
|
Pinch Hitting: RHB Bobby Scholl
|
0-0: Called Strike 0-1: Swinging Strike 0-2: Strikes out swinging
|
Batting: RHB Nick Rigden
|
0-0: Foul Ball, location: 2F 0-1: Foul Ball, location: 2F 0-2: Foul Ball, location: 2F 0-2: Ball 1-2: Foul Ball, location: 2F 1-2: Ground out 5-3 (Groundball, 56S, EV 84.4 MPH)
|
Top of the 9th over - 0 runs, 0 hits, 0 errors, 0 left on base; San Francisco 4 - Miami 4 |
BOTTOM OF THE 9TH |
Miami Marlins batting - Pitching for San Francisco Giants : LHP Chris Moris
|
Now at 2B: Bobby Scholl
|
|
Batting: RHB Justin Huff
|
0-0: Called Strike 0-1: SINGLE (Line Drive, 8LS, EV 86.9 MPH)
|
Batting: SHB Dan Zink
|
0-0: Ball 1-0: Ball 2-0: Ball 3-0: Base on Balls Justin Huff to second
|
Batting: RHB Roger Salazar
|
0-0: Called Strike 0-1: Swinging Strike 0-2: Ball 1-2: Grounds into double play, 6-4-3 (Groundball, 6, EV 105.0 MPH) Justin Huff to third
|
Batting: RHB Mark Barger
|
0-0: Called Strike 0-1: Called Strike 0-2: Ball 1-2: Strikes out swinging
|
Bottom of the 9th over - 0 runs, 1 hit, 0 errors, 1 left on base; San Francisco 4 - Miami 4 |
TOP OF THE 10TH |
San Francisco Giants batting - Pitching for Miami Marlins : LHP Kyae-sung Che
|
Batting: SHB Ryan Doss
|
0-0: Called Strike 0-1: Ball 1-1: Foul Ball, location: 2F 1-2: DOUBLE (Groundball, 5L, EV 104.4 MPH)
|
Batting: LHB Willis Robles
|
0-0: Ball 1-0: Called Strike 1-1: Ball 2-1: Ball 3-1: Called Strike 3-2: Base on Balls
|
Batting: LHB Jack Henningar
|
0-0: Called Strike 0-1: Ball 1-1: Ball 2-1: SINGLE (Groundball, 34S, EV 74.4 MPH) (infield hit) Ryan Doss to third Willis Robles to second
|
Batting: LHB Ryan Braden
|
0-0: Called Strike 0-1: Foul Ball, location: 2F 0-2: Ball 1-2: SINGLE (Line Drive, 6D, EV 96.9 MPH) Ryan Doss scores Willis Robles to third Jack Henningar to second Runner from 3rd tries for Home, SAFE, throw by LF to home Jack Henningar to third Ryan Braden to second
|
Batting: RHB Nate Hodson
|
0-0: Swinging Strike 0-1: Called Strike 0-2: Ground out 5-3 (Groundball, 5, EV 93.1 MPH)
|
Batting: RHB Henri Cederberg
|
0-0: Ball 1-0: Called Strike 1-1: Ball 2-1: SINGLE (Flyball, 7LS, EV 92.5 MPH) Jack Henningar scores Ryan Braden to third Runner from 3rd tries for Home, SAFE, throw by LF to home
|
Pitching: RHP John Bialon
|
|
Batting: SHB Bill Dooms
|
0-0: Swinging Strike 0-1: Foul Ball, location: 2F 0-2: Ball 1-2: DOUBLE (Line Drive, 78XD, EV 96.9 MPH) Henri Cederberg to third
|
Batting: RHB Bobby Scholl
|
0-0: Called Strike 0-1: Ball 1-1: Ball 2-1: Ground out U3 (Groundball, 3S, EV 88.1 MPH)
|
Batting: RHB Nick Rigden
|
0-0: Swinging Strike 0-1: Swinging Strike 0-2: Ball 1-2: Foul Ball, location: 2F 1-2: Fly out, F7 (Flyball, 7LS, EV 85.6 MPH)
|
Top of the 10th over - 4 runs, 5 hits, 0 errors, 2 left on base; San Francisco 8 - Miami 4 |
BOTTOM OF THE 10TH |
Miami Marlins batting - Pitching for San Francisco Giants : LHP Chris Moris
|
Batting: LHB Andre Gorter
|
0-0: Called Strike 0-1: Ball 1-1: Foul Ball, location: 2F 1-2: Ball 2-2: Ball 3-2: Fly out, F3 (Flyball, 3D, EV 91.2 MPH)
|
Batting: LHB Kyle Beaulieu
|
0-0: Called Strike 0-1: Called Strike 0-2: Foul Ball, location: 2F 0-2: Foul Ball, location: 2F 0-2: Strikes out swinging
|
Batting: RHB Steve Barnard
|
0-0: Ball 1-0: Foul Ball, location: 2F 1-1: Ground out 5-3 (Groundball, 5S, EV 70.6 MPH)
|
Bottom of the 10th over - 0 runs, 0 hits, 0 errors, 0 left on base; San Francisco 8 - Miami 4 |
|